 Dungeon Crawl Stone Soup version 0.28.0-53-g5a82cb258f (webtiles) character file.

Game seed: 13073439376799444812

5894 gobodom the Tainter (level 10, -8/68 HPs)
             Began as a Demonspawn Venom Mage on June 11, 2022.
             Mangled by a komodo dragon (20 damage)
             ... on level 1 of the Lair of Beasts.
             The game lasted 01:01:33 (11894 turns).

gobodom the Tainter (Demonspawn Venom Mage)        Turns: 11894, Time: 01:01:36

Health: -8/68      AC: 17    Str: 13 (15) XL:     10   Next: 53%
Magic:  14/20      EV: 15    Int: 22      God:
Gold:   444        SH:  0    Dex: 14      Spells: 13/22 levels left

rFire   + . .      SeeInvis .   i - +2 dagger (drain)
rCold   . . .      Faith    .   (no shield)
rNeg    . . .      Spirit   .   u - +3 steam dragon scales
rPois   .          Reflect  .   (helmet restricted)
rElec   .          Harm     .   e - scarf {repulsion}
rCorr   .          Rampage  .   v - +1 pair of gloves
Will    .....                   o - +0 pair of boots
Stlth   +++.......              (no amulet)
HPRegen 0.21/turn               x - +6 ring of intelligence
MPRegen 0.17/turn               (no ring)

@: sanguine armoured, very slightly contaminated, repel missiles
A: horns 1, foul stench 1, powered by death 2, sanguine armour 1, fire
resistance 1, strong 1
a: no special abilities


You were on level 1 of the Lair of Beasts.
You visited 3 branches of the dungeon, and saw 10 of its levels.
You also visited: Sewer.

You collected 444 gold pieces.

Inventory:

Hand Weapons
 c - a +4 long sword
 g - a +1 dagger of venom
 i - a +2 dagger of draining (weapon)
 m - the +3 flail of Uligh {vorpal, rF+ rC+ rN++ Dex-4}
   (You found it on level 7 of the Dungeon)

   It inflicts extra damage upon your enemies.
   Dex:       It affects your dexterity (-4).
   rF:        It protects you from fire.
   rC:        It protects you from cold.
   rN:        It greatly protects you from negative energy.
 y - a +2 whip of distortion
 B - a +2 whip of freezing
 E - a +5 great sword
 I - a +3 halberd
 J - a +0 dagger of flaming
 K - a +0 spear of venom
 L - the +6 quarterstaff of the Ghost {pain, Str+4 Stlth+}
   (You found it on level 1 of the Lair of Beasts)

   In the hands of one skilled in necromantic magic, it inflicts extra damage on
   living creatures.
   Str:       It affects your strength (+4).
   Stlth:     It makes you more stealthy.
Missiles
 l - 23 poisoned darts
 q - 2 boomerangs (quivered)
Armour
 e - a scarf of repulsion (worn)
 o - a +0 pair of boots (worn)
 u - +3 steam dragon scales (worn)
 v - a +1 pair of gloves (worn)
Jewellery
 x - a +6 ring of intelligence (left hand)
Wands
 b - a wand of mindburst (11)
 p - a wand of polymorph (5)
Scrolls
 a - a scroll of teleportation
Potions
 d - 4 potions of flight
 f - 2 potions of magic
 j - a potion of mutation
 k - a potion of ambrosia
 n - a potion of lignification
 r - a potion of might
 s - 3 potions of haste
 t - 2 potions of cancellation {unknown}
 w - a potion of invisibility
 z - 2 potions of brilliance {unknown}
 A - a potion of resistance
 C - a potion of heal wounds
 F - 2 potions of curing
 G - a potion of attraction {unknown}


   Skills:
 + Level 2.5 Fighting
 + Level 2.4 Short Blades
 + Level 6.9 Dodging
 + Level 6.4 Stealth
 + Level 6.9 Spellcasting
 + Level 0.1 Conjurations
 + Level 5.2 Transmutations
 + Level 1.4 Air Magic
 + Level 8.0 Poison Magic
 + Level 0.4 Evocations


You had 13 spell levels left.
You knew the following spells:

 Your Spells              Type           Power      Damage    Failure   Level
a - Sting                 Tmut/Pois      100%       1d8       1%          1
b - Poisonous Vapours     Pois/Air       56%        N/A       1%          2
c - Olgreb's Toxic Radia  Pois           42%        N/A       3%          4
d - Searing Ray           Conj           16%        2d5       12%         2

Your spell library contained the following spells:

 Spells                   Type           Power      Damage    Failure   Level
 Beastly Appendage        Tmut           60%        N/A       1%          1
 Passwall                 Tmut/Erth      15%        N/A       4%          2
 Ignite Poison            Fire/Tmut/Pois 27%        N/A       4%          3
 Mephitic Cloud           Conj/Pois/Air  21%        N/A       7%          3
 Apportation              Tloc           14%        N/A       9%          1
 Alistair's Intoxication  Tmut/Pois      24%        N/A       16%         5
 Ozocubu's Armour         Ice            7%         N/A       26%         3
 Portal Projectile        Hex/Tloc       14%        N/A       26%         3
 Airstrike                Air            7%         N/A       41%         4
 Summon Lightning Spire   Summ/Air       10%        N/A       52%         4
 Yara's Violent Unravell  Hex/Tmut       9%         3d6       61%         5
 Hailstorm                Conj/Ice       8%         3d4       63%         4
 Lightning Bolt           Conj/Air       5%         1d17      86%         5
 Metabolic Englaciation   Hex/Ice        3%         N/A       93%         5
 Conjure Ball Lightning   Conj/Air       5%         3x3d6     100%        6
 Simulacrum               Ice/Necr       3%         N/A       100%        6


Dungeon Overview and Level Annotations

Branches:
Dungeon (8/15)             Temple (1/1) D:7            Lair (1/6) D:8
  Sewer (visited)

Altars:
Ashenzari
Cheibriados
Dithmenos
Fedhas
Gozag
Hepliaklqana
Kikubaaqudgha
Makhleb
Nemelex Xobeh
Okawaru
Qazlal
Ru
Trog
Uskayaw
Vehumet
Wu Jian
Xom
Yredelemnul
Zin
The Shining One

Shops:
D:7 *

Annotations:
Lair:1 1 transporter, Valamore's ghost, novice DsFi


Innate Abilities, Weirdness & Mutations

You have a pair of small horns on your head.
You may rarely emit foul miasma when damaged in melee.
You regenerate health from kills.
When seriously injured, your blood forms armour. (AC +6)
Your flesh is heat resistant. (rF+)
Your muscles are strong. (Str +2)


Message History

The sting hits the komodo dragon but does no damage.
The komodo dragon looks even sicker.
The komodo dragon is lightly wounded.
The komodo dragon looks as sick as possible!
The komodo dragon bites you!
Your blood congeals into armour.
You emit a cloud of foul miasma!
You barely miss the komodo dragon.
The komodo dragon is lightly wounded.
The komodo dragon looks as sick as possible!
The komodo dragon is engulfed in dark miasma.
The komodo dragon looks as sick as possible!
The komodo dragon bites you!!
* * * LOW HITPOINT WARNING * * *
You barely miss the komodo dragon.
You headbutt the komodo dragon, but do no damage.
The komodo dragon is heavily wounded.
Your toxic aura wanes.
The komodo dragon is engulfed in dark miasma.
The komodo dragon looks as sick as possible!
The komodo dragon bites you.
* * * LOW HITPOINT WARNING * * *
A frilled lizard comes into view.
Casting: Sting (safe; 1% risk of failure)
Confirm with . or Enter, or press ? or * to list all spells.
Aiming: Searing Ray (safe; 12% risk of failure)
Press: ? - help, Shift-Dir - straight line, f/p - komodo dragon
Aim: a komodo dragon (severely wounded, very poisoned, 82% to hit)
You miscast Searing Ray.
You are very lightly contaminated with residual magic.
Nothing appears to happen.
Casting: Searing Ray (safe; 12% risk of failure)
Confirm with . or Enter, or press ? or * to list all spells.
Aiming: Searing Ray (safe; 12% risk of failure)
Press: ? - help, Shift-Dir - straight line, f/p - komodo dragon
Aim: a komodo dragon (severely wounded, very poisoned, 82% to hit)
The searing ray hits the komodo dragon.
The komodo dragon is almost dead. (Press . to maintain the ray.)
The komodo dragon bites you!!
You die...

............#####
#...
........)...##..
#...
............#..#
#...
######......##.#
#... ##........#
#... #........#
#... #.....#..###
#...
#.....##...###≈≈##
#...
#.....##.l@..≈≈l≈#
##.#
#.....##≈≈≈≈≈≈≈≈≈≈
###
#.....##≈≈####≈#≈≈
#.....#≈≈≈# #
##≈## .≈# ..# ...


You could see a komodo dragon (very poisoned) and a frilled lizard.

Vanquished Creatures
  3 komodo dragons (Lair:1)
  A polar bear (Lair:1)
  2 hornets
  2 blink frogs (Lair:1)
  A wyvern (Lair:1)
  3 yaks (Lair:1)
  Eustachio (D:5)
  A basilisk (Lair:1)
  A steam dragon (D:7)
  2 water moccasins
  2 orc warriors
  An ice beast (D:8)
  2 necrophages
  3 wolves (Lair:1)
  2 ogres (D:5)
  2 centaurs
  A kobold brigand (Sewer)
  A gnoll sergeant (D:8)
  4 scorpions
  8 bullfrogs
  2 wyvern zombies
  A water moccasin skeleton (D:6)
  3 killer bees (D:7)
  3 wights
  An electric eel (D:7)
  A jelly (D:7)
  3 hounds
  An orc priest (D:5)
  A bullfrog skeleton (D:5)
  2 iguanas
  Jessica (D:2)
  2 orc wizards
  A hound zombie (D:5)
  A howler monkey zombie (D:8)
  8 adders
  8 gnolls
  A howler monkey skeleton (D:4)
  4 river rats (Sewer)
  A worm (D:2)
  A dart slug (D:4)
  13 orcs
  6 endoplasms
  5 giant cockroaches
  8 goblins
  5 hobgoblins
  4 jackals
  14 kobolds
  2 quokkas (D:1)
  6 ball pythons
  4 bats
  10 frilled lizards
  5 rats
171 creatures vanquished.

Vanquished Creatures (others)
  18 fungi
  10 plants
28 creatures vanquished.

Grand Total: 199 creatures vanquished

Notes
Turn   | Place    | Note
-------+----------+-------------------------------------------
     0 | D:1      | gobodom the Demonspawn Venom Mage began the quest for the
                  | Orb.
     0 | D:1      | Reached XP level 1. HP: 13/13 MP: 3/3
   310 | D:1      | Reached skill level 1 in Transmutations
   635 | D:1      | Gained mutation: You have a pair of small horns on your
                  | head. [demonic ancestry]
   635 | D:1      | Reached XP level 2. HP: 13/19 MP: 1/5
  1187 | D:1      | Gained mutation: You regenerate a little health from kills.
                  | [demonic ancestry]
  1187 | D:1      | Reached XP level 3. HP: 24/24 MP: 6/6
  1852 | D:2      | Noticed Jessica
  1858 | D:2      | Killed Jessica
  1859 | D:2      | Reached XP level 4. HP: 30/30 MP: 7/7
  2894 | D:3      | Learned a level 2 spell: Poisonous Vapours
  3214 | D:4      | Reached XP level 5. HP: 30/35 MP: 9/9
  3824 | D:5      | Entered Level 5 of the Dungeon
  3859 | D:5      | Found a sacrificial altar of Ru.
  3966 | D:5      | Noticed Eustachio
  3989 | D:5      | Killed Eustachio
  3990 | D:5      | Reached skill level 4 in Poison Magic
  3990 | D:5      | Gained mutation: You regenerate health from kills. [demonic
                  | ancestry]
  3990 | D:5      | Reached XP level 6. HP: 36/41 MP: 5/10
  4251 | D:5      | Gained mutation: When seriously injured, your blood forms
                  | armour. (AC +6) [demonic ancestry]
  4251 | D:5      | Reached XP level 7. HP: 45/46 MP: 12/12
  4390 | D:5      | Found a glowing drain.
  4395 | Sewer    | Entered a sewer
  5455 | D:5      | Reached skill level 5 in Poison Magic
  5565 | D:5      | Reached XP level 8. HP: 52/52 MP: 12/14
  5672 | D:5      | Noticed a hornet
  5680 | D:5      | Paralysed by a hornet for 2 turns
  5683 | D:5      | Paralysed by a hornet for 1 turns
  5687 | D:5      | Killed a hornet
  5910 | D:5      | Found a broken altar of Ashenzari.
  5960 | D:5      | You fall into a shaft and drop 3 floors!
  6043 | D:7      | Found a staircase to the Ecumenical Temple.
  6058 | D:7      | Identified the +3 flail of Uligh {vorpal, rF+ rC+ rN++
                  | Dex-4}
  6469 | D:6      | Reached skill level 5 in Stealth
  6971 | D:6      | Reached skill level 5 in Spellcasting
  7740 | D:6      | Identified a scroll of acquirement
  7740 | D:6      | Acquired the Tome of Shifting Lightness
  8058 | D:6      | Reached skill level 5 in Dodging
  8058 | D:6      | Reached skill level 6 in Poison Magic
  8266 | D:6      | Learned a level 4 spell: Olgreb's Toxic Radiance
  8311 | D:7      | Gained mutation: You may rarely emit foul miasma when
                  | damaged in melee. [demonic ancestry]
  8311 | D:7      | Reached XP level 9. HP: 34/57 MP: 14/16
  8604 | D:7      | Found Panyss's General Store.
  8836 | Temple   | Entered the Ecumenical Temple
  9081 | D:7      | Got the Incunabulum of Damaging Dislocation
  9582 | D:7      | Learned a level 2 spell: Searing Ray
  9644 | D:8      | Found a staircase to the Lair.
  9651 | Lair:1   | Entered Level 1 of the Lair of Beasts
  9656 | Lair:1   | Noticed a cane toad
  9662 | Lair:1   | Noticed Valamore's ghost (novice DsFi)
  9697 | Lair:1   | Reached skill level 1 in Fighting
  9807 | Lair:1   | Found a transporter.
  9810 | Lair:1   | Noticed a komodo dragon
  9839 | Lair:1   | Killed a komodo dragon
  9840 | Lair:1   | Reached skill level 1 in Short Blades
  9840 | Lair:1   | Reached skill level 5 in Transmutations
 10743 | D:8      | Reached skill level 7 in Poison Magic
 11049 | D:8      | Reached XP level 10. HP: 67/67 MP: 19/19
 11088 | Lair:1   | Identified the +6 quarterstaff of the Ghost {pain, Str+4
                  | Stlth+}
 11096 | Lair:1   | Gained mutation: Your body sometimes deteriorates upon
                  | taking damage. [potion of mutation]
 11096 | Lair:1   | Gained mutation: You have hidden genetic potential. [potion
                  | of mutation]
 11096 | Lair:1   | Gained mutation: Your flesh is heat resistant. (rF+)
                  | [potion of mutation]
 11430 | Lair:1   | Reached skill level 1 in Air Magic
 11787 | Lair:1   | Reached skill level 8 in Poison Magic
 11855 | Lair:1   | Lost mutation: You have hidden genetic potential. [potion
                  | of mutation]
 11855 | Lair:1   | Lost mutation: Your body sometimes deteriorates upon taking
                  | damage. [potion of mutation]
 11855 | Lair:1   | Gained mutation: Your muscles are strong. (Str +2) [potion
                  | of mutation]
 11894 | Lair:1   | Mangled by a komodo dragon

Illustrated notes

Levels and vault maps discovered:
D:1:      scummos_arrival_star, layout_basic, minmay_quantized
D:2:      layout_loops_ring, hex_medium, uniq_jessica
D:3:      layout_loops_ring
D:4:      layout_loops_ring, serial_aquarium, aquarium_bridge_straight
          [aquarium_subvault_bridge, aquarium_subvault_window,
          aquarium_subvault_bridge, aquarium_subvault_wall],
          aquarium_bridge_island_small [aquarium_subvault_small_water,
          aquarium_subvault_window, aquarium_subvault_bridge,
          aquarium_subvault_balcony, aquarium_subvault_window],
          aquarium_window_fake, aquarium_window_1, aquarium_view_2d,
          aquarium_view_2d, aquarium_balcony_3a
D:5:      layout_loops_corners, lemuel_coloured_pillars_altar,
          amcnicky_altar_gilded, portal_sewer_entry_e, uniq_eustachio
D:6:      layout_basic, chequers_serial_rivers_marsh, lemuel_flame_loot_1
D:7:      layout_basic, minmay_temple_entry_large_hall, serial_shops, shop,
          minivault_14
D:8:      layout_loops_ring, lair_entry_dummy
Temple:   mainiacjoe_temple_coin_purse
Lair:1:   lemuel_reptile_caves, layout_cellular_growth, gammafunk_ghost_arena

Skill      XL: |  1  2  3  4  5  6  7  8  9 10 |
---------------+-------------------------------+-----
Transmutations | 1 2 3 4 5 |  5.2
Stealth        | 2 3 4 5 6 |  6.4
Dodging        | 2 3 4 5 6 |  6.9
Spellcasting   | 3 4 5 6 |  6.9
Poison Magic   | 4 5 6 7 8 |  8.0
Fighting       | 2 |  2.5
Short Blades   | 2 |  2.4
Air Magic      | 1 |  1.4
Conjurations   | |  0.1
Evocations     | |  0.4

Action                   |  1- 3 |  4- 6 |  7- 9 | 10-12 || total
-------------------------+-------+-------+-------+-------++-------
Melee: Dagger            |    78 |   128 |   377 |    51 ||   634
       Unarmed           |     5 |       |       |       ||     5
       Punch             |     1 |     4 |     7 |     1 ||    13
       Headbutt          |     8 |    20 |    76 |     9 ||   113
Throw: Javelin           |     1 |       |       |       ||     1
       Dart              |       |       |     2 |       ||     2
 Cast: Sting             |    12 |     8 |    22 |     8 ||    50
       Poisonous Vapours |       |     2 |    14 |     4 ||    20
       Olgreb's Toxic Ra |       |       |    15 |    12 ||    27
       Searing Ray       |       |       |     5 |     2 ||     7
Evoke: Wand              |       |       |     3 |       ||     3
  Use: Scroll            |     3 |     4 |    17 |     3 ||    27
       Potion            |       |     1 |     3 |     2 ||     6
 Stab: Sleeping          |     6 |     7 |     8 |       ||    21
       Distracted        |       |     1 |       |       ||     1
Armor: Robe              |    10 |    28 |    72 |       ||   110
       Steam dragon scal |       |       |    39 |    25 ||    64
Dodge: Dodged            |    55 |    71 |   318 |    71 ||   515
